 Dungeon Crawl Stone Soup version 0.31-a0-175-g9f7f995f2b (webtiles) character file.

Game seed: 3381388538734340408

517 qw the Chopper (level 7, -2/43 HPs)
             Began as a Gargoyle Fighter on June 17, 2023.
             Slain by an iguana (3 damage)
             ... on level 4 of the Dungeon.
             The game lasted 00:01:39 (3087 turns).

qw the Chopper (Gargoyle Fighter)                   Turns: 3087, Time: 00:01:39

Health: -2/43      AC: 15    Str: 22    XL:     7   Next: 20%
Magic:  7/7        EV:  8    Int:  8    God:
Gold:   21         SH:  5    Dex: 15    Spells: 6/6 levels left

rFire   . . .        Y - +0 war axe
rCold   . . .        c - +0 buckler
rNeg    + . .        s - +0 chain mail
rPois   inf          g - +0 helmet
rElec   +            (no cloak)
rCorr   .            (no gloves)
SInv    .            (no boots)
Will    +....        (no amulet) Stlth
                     p - ring of willpower
HPRegen 0.27/turn    j - +6 ring of dexterity
MPRegen 0.10/turn

%: no passive effects
@: about to teleport
A: sickness immunity, AC +4, negative energy resistance 1, electricity
resistance, torment resistance 1, petrification resistance
a: no special abilities


You were on level 4 of the Dungeon.
You visited 1 branch of the dungeon, and saw 4 of its levels.

You collected 68 gold pieces.
You spent 47 gold pieces at shops.


Innate Abilities, Weirdness & Mutations

You are immune to sickness and miasma.
Your stone body is resilient. (AC +4)
You are immune to poison.
You resist negative energy. (rN+)
You are resistant to electric shocks. (rElec)
You are resistant to unholy torment.
You are immune to petrification.


   Skills:
 - Level 4.0 Fighting
 + Level 6.2 Axes
 - Level 3.2 Armour
 - Level 1.7 Dodging
 - Level 3.2 Shields


You had 6 spell levels left.
You didn't know any spells.
Your spell library was empty.

Inventory:

Hand Weapons
 k - a +0 flail
 Y - a +0 war axe (weapon)
Missiles
 l - 7 boomerangs (quivered)
Armour
 c - a +0 buckler (worn)
 g - a +0 helmet (worn)
 s - a +0 chain mail (worn)
Jewellery
 b - a ring of flight
 j - a +6 ring of dexterity (right hand)
 p - a ring of willpower (left hand)
 q - a ring of resist corrosion
Scrolls
 a - a scroll of identify
 f - a scroll of enchant weapon {unknown}
Potions
 d - a potion of might
 e - a potion of haste
 h - a potion of mutation {unknown}
 i - a potion of heal wounds {unknown}
 o - a potion of curing

Dungeon Overview and Level Annotations

Branches:
Dungeon (4/15)
 Temple: D:4-7

Altars:
Trog
Yredelemnul

Shops:
D:2 *:   D:3 *


Message History

The gnoll barely misses you. The gnoll hits you but does no damage.
You barely miss the gnoll.
The gnoll is severely wounded.
You hit the gnoll bouda. You hit the scorpion.
The scorpion stings you but does no damage.
The gnoll hits you but does no damage.
The gnoll bouda hits you with a +0 whip.
The gnoll hits you but does no damage. You block the scorpion's attack.
You hit the gnoll bouda.
You kill the gnoll bouda!
You barely miss the gnoll. You hit the scorpion but do no damage.
The gnoll hits you but does no damage. The gnoll barely misses you.
The scorpion stings you but does no damage.
The gnoll barely misses you. The endoplasm barely misses you.
The iguana bites you.
3084 ||| READING scroll of teleportation.
As you read the scroll of teleportation, it crumbles to dust.
You feel strangely unstable. The gnoll hits you but does no damage.
The scorpion closely misses you. The endoplasm freezes you.
You are frozen.
The iguana bites you but does no damage.
The gnoll hits you from afar with a +0 spear.
You hit the gnoll.
You kill the gnoll!
You barely miss the iguana. You hit the scorpion. You slash the endoplasm!
You kill the endoplasm!
You block the scorpion's attack. The scorpion barely misses you.
The gnoll hits you from afar with a +0 spear.
The iguana bites you but does no damage.
You closely miss the scorpion.
The scorpion is severely wounded.
You hit the iguana. The scorpion stings you.
The gnoll hits you but does no damage.
The iguana bites you but does no damage.
You hit the scorpion.
You kill the scorpion!
You closely miss the iguana. The gnoll barely misses you. The iguana bites you.
You die...

#......!... #..).......
#.......... #..........
## #.........> #..
#.......... #.#
#))l...... ##.#
#####@.g...#
#..####..........#
######.#...<.######>....
)........##### ###.
.........# .........#
....:....# .........###
<............#


You could see an iguana and a gnoll (swift).

Vanquished Creatures
  A phantom (D:4)
  4 scorpions
  An orc priest (D:3)
  A gnoll bouda (D:4)
  5 gnolls
  7 adders
  2 worms
  4 dart slugs
  3 orcs (D:3)
  6 endoplasms
  2 giant cockroaches
  12 goblins
  4 hobgoblins
  5 jackals (D:2)
  3 quokkas
  12 ball pythons
  5 bats
  4 frilled lizards
  4 kobolds
  2 rats (D:1)
87 creatures vanquished.

Notes
Turn   | Place    | Note
-------+----------+-------------------------------------------
     0 | D:1      | qw the Gargoyle Fighter began the quest for the Orb.
     0 | D:1      | Reached XP level 1. HP: 14/14 MP: 1/1
     0 | D:1      | 0 ||| qw: Version: 0.3-a-2-g5ab2908
     0 | D:1      | 0 ||| qw: Game counter: 139
     0 | D:1      | 0 ||| qw: Always use a shield: true
     0 | D:1      | 0 ||| qw: God list: Okawaru
     0 | D:1      | 0 ||| qw: Allow faded altars: false
     0 | D:1      | 0 ||| qw: Do Orc after D:15 true
     0 | D:1      | 0 ||| qw: Do second Lair branch before Depths: true
     0 | D:1      | 0 ||| qw: Lair rune preference: random
     0 | D:1      | 0 ||| qw: Plans: Normal, Zot:1-4, Slime:5, God:TSO, Crypt,
                  | Tomb, Abyss, Pan, Hells, Win
     0 | D:1      | 0 ||| PLANNING D:1-11
     6 | D:1      | 6 ||| Stepping ~*~*~tactically~*~*~ (hiding).
    14 | D:1      | Reached skill level 2 in Axes
   176 | D:1      | Reached XP level 2. HP: 19/19 MP: 2/2
   711 | D:1      | Reached skill level 3 in Axes
   945 | D:1      | Reached XP level 3. HP: 22/23 MP: 3/3
  1062 | D:1      | 1062 ||| FLEEEEING.
  1063 | D:1      | 1063 ||| FLEEEEING.
  1064 | D:1      | 1064 ||| FLEEEEING.
  1065 | D:1      | 1065 ||| FLEEEEING.
  1066 | D:1      | 1066 ||| FLEEEEING.
  1157 | D:1      | 1157 ||| UPGRADING to +0 helmet.
  1162 | D:1      | 1162 ||| DROPPING orb of light.
  1163 | D:1      | 1163 ||| UPGRADING to ring of willpower.
  1164 | D:1      | 1164 ||| READING scroll labelled MABIWEILYEC.
  1165 | D:1      | 1165 ||| READING scroll labelled ESIQ ICIRENO.
  1169 | D:1      | 1169 ||| READING scroll labelled QOTTU ALUJO.
  1170 | D:1      | 1170 ||| READING scroll labelled ATSOXK RIONUUZ.
  1297 | D:2      | 1297 ||| Stepping ~*~*~tactically~*~*~ (stealth).
  1298 | D:2      | 1298 ||| Stepping ~*~*~tactically~*~*~ (stealth).
  1357 | D:2      | 1357 ||| Stepping ~*~*~tactically~*~*~ (stealth).
  1380 | D:2      | Found Utido's Book Shop.
  1390 | D:2      | Found Boylun's General Store.
  1396 | D:2      | 1396 ||| Stepping ~*~*~tactically~*~*~ (hiding).
  1398 | D:2      | 1398 ||| Stepping ~*~*~tactically~*~*~ (hiding).
  1508 | D:2      | 1508 ||| SHOPLISTING +0 pair of gloves (58 gold, have 37).
  1508 | D:2      | 1508 ||| SHOPLISTING scroll of brand weapon (123 gold, have
                  | 37).
  1508 | D:2      | 1508 ||| BUYING scroll of identify (26 gold).
  1508 | D:2      | Bought a scroll of identify for 26 gold pieces
  1593 | D:2      | Reached XP level 4. HP: 26/28 MP: 4/4
  1633 | D:2      | Reached skill level 4 in Axes
  1754 | D:2      | 1754 ||| Stepping ~*~*~tactically~*~*~ (stealth).
  1838 | D:2      | 1838 ||| Stepping ~*~*~tactically~*~*~ (stealth).
  1839 | D:2      | 1839 ||| Stepping ~*~*~tactically~*~*~ (stealth).
  1847 | D:2      | 1847 ||| Stepping ~*~*~tactically~*~*~ (stealth).
  1848 | D:2      | 1848 ||| Stepping ~*~*~tactically~*~*~ (stealth).
  1856 | D:2      | 1856 ||| Stepping ~*~*~tactically~*~*~ (stealth).
  2116 | D:2      | 2116 ||| READING scroll labelled LEUNKI SUULLAENEQ.
  2117 | D:2      | 2117 ||| DRINKING 2 orange potions.
  2118 | D:2      | 2118 ||| READING 2 scrolls of identify.
  2118 | D:2      | 2118 ||| IDENTIFYING ruby potion
  2119 | D:2      | 2119 ||| DROPPING potion of degeneration.
  2261 | D:3      | Reached XP level 5. HP: 31/32 MP: 5/5
  2299 | D:3      | Reached skill level 5 in Axes
  2339 | D:3      | 2339 ||| DROPPING +0 club.
  2342 | D:3      | 2342 ||| DROPPING +0 whip.
  2356 | D:3      | 2356 ||| Stepping ~*~*~tactically~*~*~ (hiding).
  2464 | D:3      | Found Adiuluste's Assorted Antiques.
  2467 | D:3      | 2467 ||| SHOPLISTING glowing ring mail (168 gold, have 31).
  2467 | D:3      | 2467 ||| BUYING murky brown potion (21 gold).
  2467 | D:3      | Bought a murky brown potion for 21 gold pieces
  2467 | D:3      | 2467 ||| SHOPLISTING scroll labelled IFUITUA VOWOGU (24
                  | gold, have 10).
  2467 | D:3      | 2467 ||| SHOPLISTING scroll of identify (48 gold, have 10).
  2467 | D:3      | 2467 ||| SHOPLISTING transparent glass ring (120 gold, have
                  | 10).
  2561 | D:3      | 2561 ||| Stepping ~*~*~tactically~*~*~ (hiding).
  2562 | D:3      | 2562 ||| Stepping ~*~*~tactically~*~*~ (hiding).
  2569 | D:3      | Reached XP level 6. HP: 22/38 MP: 6/6
  2674 | D:3      | Found a bloodstained altar of Trog.
  2713 | D:3      | Found a basalt altar of Yredelemnul.
  2895 | D:3      | 2895 ||| UPGRADING to +0 chain mail.
  2905 | D:3      | 2905 ||| DROPPING +0 scale mail.
  2906 | D:3      | 2906 ||| UPGRADING to +6 ring of dexterity.
  2907 | D:3      | 2907 ||| DROPPING ring of magical power.
  2908 | D:3      | 2908 ||| READING scroll labelled LAEKURPH ILOULE.
  2909 | D:3      | 2909 ||| DRINKING 2 murky brown potions.
  2910 | D:3      | 2910 ||| READING 2 scrolls of identify.
  2910 | D:3      | 2910 ||| IDENTIFYING fizzy brown potion
  2911 | D:3      | 2911 ||| DROPPING potion of berserk rage.
  2935 | D:4      | 2935 ||| STAIRDANCE
  2938 | D:3      | Reached skill level 1 in Dodging
  2996 | D:4      | Reached skill level 6 in Axes
  2996 | D:4      | Reached XP level 7. HP: 26/43 MP: 7/7
  3083 | D:4      | HP: 10/43 [iguana (2)]
  3084 | D:4      | 3084 ||| READING scroll of teleportation.
  3085 | D:4      | HP: 4/43 [gnoll/+0 spear[a gnoll bouda] (1)]
  3086 | D:4      | HP: 1/43 [scorpion (4)]
  3087 | D:4      | Slain by an iguana

Levels and vault maps discovered:
D:1:      dpeg_arrival_connections, layout_loops_corners, dk_noncrumbling_4,
          minmay_close_crescents
D:2:      minmay_angry_zag, layout_basic, serial_shops, shop,
          nicolae_square_shop
D:3:      layout_basic, nicolae_overflow_crystal_walls,
          mainiacjoe_overflow_cross_hatched, serial_shops,
          nicolae_shop_real_fake_doors, glass_columns_c
D:4:      layout_rooms

Skill      XL: |  1  2  3  4  5  6 |
---------------+-------------------+-----
Axes           | 2 3 4 5 6 |  6.2
Fighting       | 4 |  4.0
Dodging        | 1 |  1.7
Armour         | |  3.2
Shields        | |  3.2

Action                     |  1- 3 |  4- 6 |  7- 9 || total
---------------------------+-------+-------+-------++-------
  Melee: War axe           |   124 |   141 |    11 ||   276
  Throw: Boomerang         |       |    37 |       ||    37
    Use: Scroll            |     4 |     4 |     1 ||     9
         Potion            |       |     2 |       ||     2
 Armour: Scale mail        |    65 |    60 |       ||   125
         Chain mail        |       |    24 |    24 ||    48
  Dodge: Dodged            |    77 |    65 |    13 ||   155
  Block: Buckler           |    22 |    25 |     2 ||    49

Table legend:
 A = Non-vault XP
 B = Vault XP
 C = Vault XP percentage of total XP
 D = Non-vault monster count
 E = Vault monster count
 F = Vault count percentage of total count
                 A         B        C        D         E       F
            +---------+---------+-------+---------+---------+-------
      Total |     798 |      29 |   3.5 |      78 |       9 |  10.3
            +---------+---------+-------+---------+---------+-------
        D:1 |      40 |       6 |  13.0 |      22 |       4 |  15.4
        D:2 |      76 |      23 |  23.2 |      21 |       5 |  19.2
        D:3 |     410 |       0 |   0.0 |      24 |       0 |   0.0
        D:4 |     272 |       0 |   0.0 |      11 |       0 |   0.0
            +---------+---------+-------+---------+---------+-------
